 Dungeon Crawl Stone Soup version 0.25-a0-635-g0c6c292 (webtiles) character file.

Game seed: 9675650025329962540, levelgen mode: deterministic

5960 robertstho the Fighter (level 10, 0/91 HPs)
             Began as a Red Draconian Berserker on Mar 20, 2020.
             Was an Elder of Trog.
             Slain by a skeletal warrior
             ... wielding a +0 glaive
             ... led by a skeletal warrior
              (13 damage)
             ... on level 9 of the Dungeon.
             The game lasted 00:12:36 (6859 turns).

robertstho the Fighter (Red Draconian Berserker)    Turns: 6859, Time: 00:12:36

Health: 0/91       AC: 11    Str: 22    XL:     10   Next: 54%
Magic:  10/10      EV: 16    Int:  8    God:    Trog [****..]
Gold:   537        SH:  0    Dex: 11    Spells: 9/9 levels left

rFire    . . .     SeeInvis .   y - +2 battleaxe
rCold    + . .     Gourm    .   (shield currently unavailable)
rNeg     . . .     Faith    .   (armour unavailable)
rPois    .         Spirit   .   (helmet restricted)
rElec    .         Reflect  .   s - +2 cloak {MR+}
rCorr    .         Harm     .   t - +0 pair of gloves
MR       +....                  (no boots)
Stlth    ++........             u - amulet of regeneration
HPRegen  0.65/turn              i - ring of ice
MPRegen  0.12/turn              (no ring)

@: berserk cooldown, slowed, very slow
A: breathe fire, unfitting armour, fire resistance 1, cold-blooded, AC +7
a: Breathe Fire, Berserk, Trog's Hand, Brothers in Arms, Renounce Religion


You were on level 9 of the Dungeon.
You worshipped Trog.
Trog was greatly pleased with you.
You were near starving.

You visited 1 branch of the dungeon, and saw 9 of its levels.

You collected 537 gold pieces.

Inventory:

Hand Weapons
 a - a +0 falchion
 d - a +1 vorpal hand axe
 r - a +4 quarterstaff of chaos
 y - a +2 battleaxe (weapon)
Armour
 f - a +0 kite shield
 s - a +2 cloak of magic resistance (worn)
 t - a +0 pair of gloves (worn)
Jewellery
 i - a ring of ice (left hand)
 u - an amulet of regeneration (around neck)
Wands
 c - a wand of scattershot (17)
 p - a wand of digging (5)
 w - a wand of polymorph (6)
Scrolls
 h - a scroll of immolation
 l - 6 scrolls of remove curse
 n - 5 scrolls of enchant armour
 v - a scroll of teleportation
 x - a scroll of vulnerability {unknown}
 B - a scroll of magic mapping {unknown}
 C - a scroll of fog
 D - 3 scrolls of fear {unknown}
 E - 3 scrolls of identify
 F - a scroll of enchant weapon {unknown}
 G - a scroll of blinking {unknown}
 I - a scroll of amnesia {unknown}
 K - a scroll of noise {unknown}
Potions
 e - a potion of heal wounds {unknown}
 g - a potion of flight {unknown}
 j - a potion of berserk rage {unknown}
 k - 2 potions of ambrosia {unknown}
 m - 2 potions of lignification
 o - 7 potions of curing
 q - 2 potions of cancellation
 z - 2 potions of haste
 A - a potion of degeneration {unknown}
 J - a potion of brilliance {unknown}
 L - a potion of mutation {unknown}
Comestibles
 b - 17 rations
 H - 13 chunks of flesh


   Skills:
 * Level 9.5 Fighting
 + Level 3.4 Long Blades
 + Level 9.3 Axes
 * Level 9.1 Dodging
 + Level 2.6 Stealth
 + Level 1.3 Unarmed Combat


You had 9 spell levels left.
You didn't know any spells.
Your spell library was empty.

Dungeon Overview and Level Annotations

Branches:
Dungeon (9/15)             Temple (0/1) D:6
   Lair: D:8-11         Orc: D:9-12

Altars:
Ashenzari
Elyvilon
Fedhas
Kikubaaqudgha
Qazlal
Uskayaw
Wu Jian
Zin
The Shining One

Shops:
D:7 (=%


Innate Abilities, Weirdness & Mutations

You can breathe blasts of fire.
Your fiery red scales are hard. (AC +7)
You cannot fit into any form of body armour.
Your flesh is heat resistant. (rF+)
You are cold-blooded and may be slowed by cold attacks.


Message History

Your Dodging skill increases to level 9!
You hit the skeletal warrior.
Your tail-slap misses the skeletal warrior.
The skeletal warrior is moderately damaged.
The skeletal warrior hits you with a +0 flail!
The skeletal warrior hits you from afar with a +0 glaive.
* * * LOW HITPOINT WARNING * * *
You slash the skeletal warrior!
The skeletal warrior is heavily damaged.
The skeletal warrior hits you with a +0 flail!!
* * * LOW HITPOINT WARNING * * *
You are no longer berserk.
You are exhausted.
You feel yourself slow down.
Your ogre goes berserk!
You are near starving!
Trog will no longer gift you weapons. The skeletal warrior barely misses you.
The skeletal warrior hits you from afar with a +0 glaive!
You die...

###
###########.#
..#
#..O@zz)....#
#.#
#.########..#
#####.# #.#
......###.#
#......#######
#......>.....#
#..##..#####.#
#..##..#
#..##..#


You could see 2 skeletal warriors and a friendly ogre (berserk).

Vanquished Creatures
  2 two-headed ogres (D:8)
  A skeletal warrior (D:9)
  Prince Ribbit (D:8)
  A hungry ghost (D:8)
  A black bear (D:8)
  3 phantoms
  3 sky beasts
  An orc warrior (D:7)
  An eye of draining (D:8)
  An ice beast (D:4)
  7 ogres
  A necrophage (D:9)
  A centaur (D:5)
  A crocodile (D:9)
  A big kobold (D:8)
  7 bullfrogs
  2 scorpions
  2 howler monkeys (D:4)
  3 crimson imps
  2 bullfrog zombies (D:8)
  7 hounds
  2 centaur skeletons
  A gnoll shaman (D:5)
  An orc priest (D:4)
  Crazy Yiuf (D:3)
  A bullfrog skeleton (D:6)
  9 worker ants
  Ijyb (D:3)
  3 iguanas
  5 orc wizards
  A killer bee zombie (D:8)
  Robin (D:3)
  12 gnolls
  A worker ant zombie (D:7)
  10 adders
  A shadow imp (D:8)
  An ooze (D:2)
  An adder zombie (D:5)
  3 worms
  4 dart slugs
  4 leopard geckos
  18 orcs
  2 ball pythons
  A bat zombie (D:4)
  4 giant cockroaches
  14 goblins
  17 hobgoblins
  11 jackals
  4 quokkas
  9 bats
  4 frilled lizards
  15 kobolds
  A leopard gecko skeleton (D:5)
  A quokka skeleton (D:4)
  8 rats
  A rat zombie (D:4)
222 creatures vanquished.

Vanquished Creatures (others)
  15 fungi (D:9)
  2 plants (D:9)
17 creatures vanquished.

Grand Total: 239 creatures vanquished

Notes
Turn   | Place    | Note
-------+----------+-------------------------------------------
     0 | D:1      | robertstho the Draconian Berserker began the quest for the
                  | Orb.
     0 | D:1      | Reached XP level 1. HP: 19/19 MP: 1/1
    47 | D:1      | Reached XP level 2. HP: 24/26 MP: 2/2
   266 | D:1      | Reached ** piety under Trog
   364 | D:1      | Reached XP level 3. HP: 32/33 MP: 3/3
   558 | D:2      | Found a glowing silver altar of Zin.
   560 | D:2      | Found Zin's Purification Station.
   605 | D:2      | Reached skill level 1 in Axes
   692 | D:2      | Found a blossoming altar of Fedhas.
   700 | D:2      | Found an ornate altar of the Wu Jian Council.
   758 | D:2      | Reached XP level 4. HP: 33/40 MP: 4/4
   841 | D:2      | Found a faded altar of an unknown god.
  1261 | D:3      | Noticed Robin
  1267 | D:3      | Reached XP level 5. HP: 46/46 MP: 5/5
  1272 | D:3      | Reached *** piety under Trog
  1373 | D:3      | Killed Robin
  1809 | D:3      | Noticed Ijyb
  1816 | D:3      | Killed Ijyb
  1878 | D:3      | Found a runed translucent door.
  1879 | D:3      | Noticed Crazy Yiuf
  2124 | D:3      | Killed Crazy Yiuf
  2153 | D:4      | Noticed an ice beast
  2173 | D:4      | Killed an ice beast
  2173 | D:4      | Reached skill level 5 in Fighting
  2173 | D:4      | Reached XP level 6. HP: 17/56 MP: 6/6
  2419 | D:4      | Reached skill level 1 in Unarmed Combat
  2463 | D:4      | HP: 2/56 [phantom (9)]
  2483 | D:3      | Your scales start taking on a fiery red colour.
  2483 | D:3      | Reached XP level 7. HP: 9/61 MP: 7/7
  2483 | D:3      | Gained mutation: Your flesh is heat resistant. (rF+) [Red
                  | Draconian growth]
  3049 | D:4      | Reached skill level 5 in Dodging
  3083 | D:4      | Reached **** piety under Trog
  3162 | D:4      | Found a shattered altar of Ashenzari.
  3214 | D:4      | Found an ancient bone altar of Kikubaaqudgha.
  3298 | D:4      | Reached skill level 5 in Axes
  3298 | D:4      | Reached skill level 1 in Stealth
  3325 | D:4      | Found a white marble altar of Elyvilon.
  3398 | D:5      | Entered Level 5 of the Dungeon
  3398 | D:5      | Found a hide-covered altar of Uskayaw.
  3491 | D:5      | Reached XP level 8. HP: 70/70 MP: 8/8
  4101 | D:5      | Found a glowing golden altar of the Shining One.
  4312 | D:6      | Found a staircase to the Ecumenical Temple.
  4368 | D:6      | You fall into a shaft and drop 2 floors!
  4524 | D:8      | Reached XP level 9. HP: 72/79 MP: 9/9
  4533 | D:8      | Noticed Prince Ribbit
  4548 | D:8      | Killed Prince Ribbit
  4702 | D:8      | Noticed a +0 dagger
  4702 | D:8      | Noticed a +0 hand axe
  4705 | D:8      | Found a hide-covered altar of Uskayaw.
  4705 | D:8      | Noticed a two-headed ogre
  4719 | D:8      | Killed a two-headed ogre
  4763 | D:8      | Reached ***** piety under Trog
  4763 | D:8      | Received a gift from Trog
  4866 | D:8      | Noticed a two-headed ogre
  4879 | D:8      | Killed a two-headed ogre
  4879 | D:8      | Reached XP level 10. HP: 11/90 MP: 10/10
  5336 | D:7      | Found Ymid's Food Shop.
  5365 | D:7      | Found Ypuneekk's Jewellery Shop.
  5645 | D:7      | Found Zojewyun's Weapon Boutique.
  6806 | D:9      | Found a stormy altar of Qazlal.
  6836 | D:9      | Noticed a skeletal warrior
  6837 | D:9      | Noticed a skeletal warrior
  6851 | D:9      | Noticed a skeletal warrior
  6854 | D:9      | Killed a skeletal warrior
  6859 | D:9      | Slain by a skeletal warrior

Levels and vault maps discovered:
D:1:      minmay_arrival_doors, layout_rooms
D:2:      layout_rooms, zin_purify, overflow_temple_1_default,
          chequers_ecumenical_altar_twisty, fedhas_altar_1
D:3:      layout_loops_corners, uniq_robin, uniq_ijyb, uniq_crazy_yiuf_cottage
D:4:      layout_rooms, nicolae_overflow_crystal_walls,
          lemuel_zombie_altar_kikubaaqudgha, marbit_many_paths, first_ration,
          sigmund_army
D:5:      layout_cave_pools, basic_altar, nicolae_tso_swordbearing_angel
D:6:      layout_gridville, minmay_temple_entry_glassed_door
D:7:      layout_loops_cross, serial_shops, nicolae_shop_stone,
          nicolae_shop_crystal, shop, kennysheep_small_circle
D:8:      minmay_thick_lines, layout_cave_pools, dancing_weapons_uskayaw,
          uniq_prince_ribbit1
D:9:      layout_loops_ring, kennysheep_mini_moat, due_lair_maze_entry_diamond

Skill      XL: |  1  2  3  4  5  6  7  8  9 10 |
---------------+-------------------------------+-----
Dodging        | 3 4 5 6 8 9 |  9.1
Fighting       | 4 5 7 8 9 |  9.5
Axes           | 1 2 3 4 5 6 8 9 |  9.3
Unarmed Combat | 1 |  1.3
Stealth        | 1 2 |  2.6
Long Blades    | |  3.4

Action                   |  1- 3 |  4- 6 |  7- 9 | 10-12 || total
-------------------------+-------+-------+-------+-------++-------
Melee: Falchion          |    29 |       |       |       ||    29
       Tailslap          |    11 |    16 |    40 |    17 ||    84
       Hand axe          |    98 |   160 |   309 |       ||   567
       Unarmed           |       |     2 |       |       ||     2
       Punch             |       |       |     4 |       ||     4
       Battleaxe         |       |       |     8 |   166 ||   174
Invok: Berserk           |     1 |     6 |     6 |     2 ||    15
       Trog's Hand       |       |     1 |       |       ||     1
       Brothers in Arms  |       |       |       |     1 ||     1
 Abil: Breathe Fire      |       |       |     1 |     1 ||     2
  Use: Scroll            |     2 |     5 |     5 |       ||    12
       Potion            |       |     1 |       |       ||     1
 Stab: Sleeping          |       |     1 |     2 |     5 ||     8
  Eat: Chunk             |     1 |    10 |    11 |     9 ||    31
       Ration            |       |       |     1 |       ||     1
Armor: Skin              |    40 |    57 |   112 |    37 ||   246
Dodge: Dodged            |   122 |   132 |   221 |   135 ||   610
       Rpst.: Falchion   |     7 |       |       |       ||     7

Table legend:
 A = Non-vault XP
 B = Vault XP
 C = Vault XP percentage of total XP
 D = Non-vault monster count
 E = Vault monster count
 F = Vault count percentage of total count
                 A         B        C        D         E       F
            +---------+---------+-------+---------+---------+-------
      Total |    6981 |    1534 |  18.0 |     189 |      33 |  14.9
            +---------+---------+-------+---------+---------+-------
        D:1 |      42 |       0 |   0.0 |      26 |       0 |   0.0
        D:2 |      69 |       0 |   0.0 |      22 |       0 |   0.0
        D:3 |     158 |     114 |  41.9 |      27 |      15 |  35.7
        D:4 |     900 |      51 |   5.4 |      23 |       9 |  28.1
        D:5 |     660 |       0 |   0.0 |      19 |       0 |   0.0
        D:6 |     554 |       0 |   0.0 |      17 |       0 |   0.0
        D:7 |    1028 |      35 |   3.3 |      20 |       2 |   9.1
        D:8 |    2197 |    1230 |  35.9 |      25 |       5 |  16.7
        D:9 |    1373 |     104 |   7.0 |      10 |       2 |  16.7
            +---------+---------+-------+---------+---------+-------
